 Dungeon Crawl Stone Soup version 0.29-a0-322-g68df515428 (console) character file.

Game seed: 2272811986573600451

330 Ignak the Magician (level 6, -4/44 HPs)
             Began as a Gnoll Hedge Wizard on Apr 6, 2022.
             Slain by an ogre
             ... wielding a +0 giant club
              (22 damage)
             ... on level 4 of the Dungeon.
             The game lasted 00:13:59 (4318 turns).

Ignak the Magician (Gnoll Hedge Wizard)             Turns: 4318, Time: 00:14:00

Health: -4/44      AC:  5    Str:  9    XL:     6   Next: 51%
Magic:  11/16      EV: 13    Int: 15    God:
Gold:   225        SH:  0    Dex: 12    Spells: 8/19 levels left

rFire   . . .      SeeInvis .   l - +2 dagger (venom)
rCold   . . .      Faith    .   (no shield)
rNeg    . . .      Spirit   .   b - +0 robe
rPois   .          Reflect  .   c - +0 hat
rElec   .          Harm     .   a - +2 cloak
rCorr   .          Rampage  .   (no gloves)
Will    .....                   (no boots)
Stlth   +++.......              (no amulet)
HPRegen 0.14/turn               (no ring)
MPRegen 0.15/turn               (no ring)

@: on blink cooldown
A: fangs 1, strong nose, distributed training
a: no special abilities


You were on level 4 of the Dungeon.
You visited 1 branch of the dungeon, and saw 4 of its levels.

You collected 225 gold pieces.

Inventory:

Hand Weapons
 l - a +2 dagger of venom (weapon)
Missiles
 h - a throwing net
Armour
 a - a +2 cloak (worn)
 b - a +0 robe (worn)
 c - a +0 hat (worn)
Scrolls
 e - a scroll of blinking {unknown}
 f - a scroll of magic mapping {unknown}
 i - a scroll of amnesia {unknown}
 j - 3 scrolls of identify {unknown}
 o - 2 scrolls of enchant weapon {unknown}
Potions
 d - a potion of magic
 g - a potion of degeneration {unknown}
 k - a potion of ambrosia {unknown}
 m - a potion of lignification {unknown}
 n - a potion of mutation {unknown}
 p - a potion of curing {unknown}
 q - a potion of brilliance {unknown}
 r - a potion of cancellation {unknown}


   Skills:
 + Level 2.0 Fighting
 + Level 2.0 Short Blades
 + Level 2.0 Long Blades
 + Level 2.0 Axes
 + Level 2.0 Maces & Flails
 + Level 2.0 Polearms
 + Level 2.0 Staves
 + Level 2.0 Slings
 + Level 2.0 Bows
 + Level 2.0 Crossbows
 + Level 2.0 Throwing
 + Level 2.0 Armour
 + Level 5.0 Dodging
 + Level 4.6 Stealth
 + Level 2.0 Shields
 + Level 2.0 Unarmed Combat
 + Level 7.4 Spellcasting
 + Level 2.6 Conjurations
 + Level 1.5 Hexes
 + Level 2.6 Summonings
 + Level 1.5 Necromancy
 + Level 2.6 Translocations
 + Level 1.5 Transmutations
 + Level 1.5 Fire Magic
 + Level 1.5 Ice Magic
 + Level 1.5 Air Magic
 + Level 1.5 Earth Magic
 + Level 1.5 Poison Magic
 + Level 2.2 Invocations
 + Level 2.0 Evocations


You had 8 spell levels left.
You knew the following spells:

 Your Spells              Type           Power      Damage    Failure   Level
a - Magic Dart            Conj           52%        1d5       4%          1
b - Blink                 Tloc           26%        N/A       6%          2
c - Vampiric Draining     Necr           10%        2d6       21%         3
d - Mephitic Cloud        Conj/Pois/Air  11%        N/A       17%         3
e - Call Imp              Summ           13%        N/A       6%          2

Your spell library contained the following spells:

 Spells                   Type           Power      Damage    Failure   Level
 Slow                     Hex            40%        N/A       7%          1
 Conjure Flame            Conj/Fire      11%        6-21      16%         3
 Confusing Touch          Hex            10%        N/A       21%         3


Dungeon Overview and Level Annotations

Branches:
Dungeon (4/15)
 Temple: D:4-7

Altars:

Shops:
D:2 (


Innate Abilities, Weirdness & Mutations

You have very sharp teeth.
Your uncanny sense of smell can sniff out nearby items.
Your experience applies equally to all skills.


Message History

You barely miss the kobold.
You kill the hobgoblin!
The kobold closely misses you.
You hit the kobold but do no damage.
The kobold is poisoned.
The kobold closely misses you.
You hit the kobold.
You kill the kobold!
You see here a +0 club.
There is a stone staircase leading down here.
You see here a +0 dagger.
You start resting.
HP restored.
You start waiting.
Done waiting.
There is a stone staircase leading down here.
You see here a +0 dagger.
You climb downwards.
The ogre hits you with a +0 giant club!!
Ouch! That really hurt!
The hobgoblin completely misses you. The hobgoblin barely misses you.
There is a stone staircase leading up, spattered with blood here.
Casting: Magic Dart (safe; 4% risk of failure)
Confirm with . or Enter, or press ? or * to list all spells.
You blink.
Casting: Blink (safe; 6% risk of failure)
Confirm with . or Enter, or press ? or * to list all spells.
Aiming: Mephitic Cloud (dangerous; 17% risk of failure)
Press: ? - help, Shift-Dir - straight line, f - ogre
Aim: an ogre, wielding a +0 giant club (chance to affect: 77%)
The ball explodes into a vile cloud!
The stinking cloud engulfs the ogre but does no damage.
The stinking cloud engulfs the hobgoblin but does no damage.
You hear an angry hiss.
The ogre is engulfed in noxious fumes.
The hobgoblin is engulfed in noxious fumes.
The hobgoblin appears confused.
The ogre attacks as you move away!
The ogre hits you with a +0 giant club!!
Ouch! That really hurt!
You die...

#.###########
#......<☼○..#######
####.#.☼gO@........
∆#..###.....###
#.## #......# #.
#......... #
#......### ......##
♣♣♣♣♣..# ..# ♣.#


You could see an ogre and a hobgoblin (confused).

Vanquished Creatures
  An orc priest (D:3)
  Natasha (thrice) (D:3)
  3 orc wizards (D:3)
  A gnoll (D:2)
  3 adders
  A worm (D:2)
  2 dart slugs
  8 orcs (D:3)
  6 bats
  8 endoplasms
  6 giant cockroaches
  3 goblins
  5 hobgoblins
  3 jackals (D:3)
  4 kobolds
  2 quokkas (D:2)
  6 ball pythons
  5 frilled lizards
  6 rats
76 creatures vanquished.

Vanquished Creatures (collateral kills)
  2 gnolls (D:2)
  A worm (D:2)
  A ball python (D:1)
  A giant cockroach (D:1)
  A hobgoblin (D:1)
6 creatures vanquished.

Grand Total: 82 creatures vanquished

Notes
Turn   | Place    | Note
-------+----------+-------------------------------------------
     0 | D:1      | Ignak the Gnoll Hedge Wizard began the quest for the Orb.
     0 | D:1      | Reached XP level 1. HP: 13/13 MP: 8/8
   366 | D:1      | Reached XP level 2. HP: 19/19 MP: 6/10
   369 | D:1      | Learned a level 2 spell: Blink
   372 | D:1      | Learned a level 2 spell: Call Imp
   614 | D:1      | Found a faded altar of an unknown god.
   836 | D:1      | Reached XP level 3. HP: 25/25 MP: 11/11
   840 | D:1      | Learned a level 3 spell: Mephitic Cloud
  1467 | D:2      | Reached skill level 1 in Invocations
  1572 | D:2      | Reached skill level 1 in Fighting
  1572 | D:2      | Reached skill level 1 in Short Blades
  1572 | D:2      | Reached skill level 1 in Long Blades
  1572 | D:2      | Reached skill level 1 in Axes
  1572 | D:2      | Reached skill level 1 in Maces & Flails
  1572 | D:2      | Reached skill level 1 in Polearms
  1572 | D:2      | Reached skill level 1 in Staves
  1572 | D:2      | Reached skill level 1 in Slings
  1572 | D:2      | Reached skill level 1 in Bows
  1572 | D:2      | Reached skill level 1 in Crossbows
  1572 | D:2      | Reached skill level 1 in Throwing
  1572 | D:2      | Reached skill level 1 in Armour
  1572 | D:2      | Reached skill level 1 in Shields
  1572 | D:2      | Reached skill level 1 in Unarmed Combat
  1572 | D:2      | Reached skill level 1 in Evocations
  1572 | D:2      | Reached XP level 4. HP: 32/32 MP: 3/13
  1770 | D:2      | Learned a level 3 spell: Vampiric Draining
  1881 | D:2      | Found Wocik's Antique Weapon Shop.
  2302 | D:2      | Reached skill level 1 in Hexes
  2302 | D:2      | Reached skill level 1 in Necromancy
  2302 | D:2      | Reached skill level 1 in Transmutations
  2302 | D:2      | Reached skill level 1 in Fire Magic
  2302 | D:2      | Reached skill level 1 in Ice Magic
  2302 | D:2      | Reached skill level 1 in Air Magic
  2302 | D:2      | Reached skill level 1 in Earth Magic
  2302 | D:2      | Reached skill level 1 in Poison Magic
  2591 | D:3      | Reached XP level 5. HP: 31/37 MP: 8/14
  3308 | D:3      | Noticed Natasha
  3316 | D:3      | Reached XP level 6. HP: 38/44 MP: 16/16
  3337 | D:3      | Killed Natasha
  3510 | D:3      | Noticed Natasha
  3518 | D:3      | Killed Natasha
  3593 | D:3      | Reached skill level 5 in Dodging
  3714 | D:3      | Noticed Natasha
  3719 | D:3      | Killed Natasha
  4318 | D:4      | Slain by an ogre

Illustrated notes

Levels and vault maps discovered:
D:1:      dpeg_arrival_signposts, layout_basic,
          hellmonk_ecumenical_altar_pennies_from_heaven,
          dreamdust_princess_bridge, minmay_vboxes
D:2:      layout_basic, serial_shops, nicolae_shop_hallway_stairs,
          chequers_serial_rivers_small_b
D:3:      layout_loops_corners, wander_ebering_terrifying_dragon_lair,
          uniq_natasha
D:4:      layout_loops_ring, general_overflow_altar, nrook_campfire,
          minmay_hedge_maze

Skill      XL: |  1  2  3  4  5  6 |
---------------+-------------------+-----
Conjurations   | 2 |  2.6
Summonings     | 2 |  2.6
Translocations | 2 |  2.6
Invocations    | 1 2 |  2.2
Fighting       | 1 2 |  2.0
Short Blades   | 1 2 |  2.0
Long Blades    | 1 2 |  2.0
Axes           | 1 2 |  2.0
Maces & Flails | 1 2 |  2.0
Polearms       | 1 2 |  2.0
Staves         | 1 2 |  2.0
Slings         | 1 2 |  2.0
Bows           | 1 2 |  2.0
Crossbows      | 1 2 |  2.0
Throwing       | 1 2 |  2.0
Armour         | 1 2 |  2.0
Shields        | 1 2 |  2.0
Unarmed Combat | 1 2 |  2.0
Evocations     | 1 2 |  2.0
Hexes          | 1 |  1.5
Necromancy     | 1 |  1.5
Transmutations | 1 |  1.5
Fire Magic     | 1 |  1.5
Ice Magic      | 1 |  1.5
Air Magic      | 1 |  1.5
Earth Magic    | 1 |  1.5
Poison Magic   | 1 |  1.5
Dodging        | 5 |  5.0
Stealth        | |  4.6
Spellcasting   | |  7.4

Action                   |  1- 3 |  4- 6 || total
-------------------------+-------+-------++-------
Melee: Dagger            |     7 |   150 ||   157
       Quarterstaff      |     3 |       ||     3
       Bite              |     2 |    10 ||    12
       Punch             |     1 |     2 ||     3
       Spear             |    10 |       ||    10
 Cast: Magic Dart        |    43 |     6 ||    49
       Call Imp          |     6 |     1 ||     7
       Mephitic Cloud    |       |     3 ||     3
       Blink             |       |     2 ||     2
 Stab: Sleeping          |     2 |     8 ||    10
       Confused          |       |     2 ||     2
       Distracted        |       |     1 ||     1
Armor: Robe              |     8 |    37 ||    45
Dodge: Dodged            |    37 |    76 ||   113

Table legend: (Time is in decaauts)
 A = Elapsed time spent in this place.
 B = Non-inter-level travel time spent in this place.
 C = Inter-level travel time spent in this place.
 D = Time resting spent in this place.
 E = Time spent auto-exploring this place.
 F = Levels seen in this place.
 G = Mean time per level.
                   A        B        C        D        E       F      G
               +--------+--------+--------+--------+--------+-----+--------+
         Total |   4311 |   4209 |    102 |    560 |   2620 |   4 | 1077.8 |
       Dungeon |   4311 |   4209 |    102 |    560 |   2620 |   4 | 1077.8 |
               +--------+--------+--------+--------+--------+-----+--------+

Top non-repeatable levels by time:
     D:3: 1750 daAuts
     D:1: 1412 daAuts
     D:2: 1134 daAuts
     D:4: 14 daAuts
